 Dungeon Crawl Stone Soup version 0.31-a0-986-g5e6e4ef867 (webtiles) character file.

Game seed: 11959171632358607837

1002 heikuro the Shield-Bearer (level 8, 38/62 HPs)
             Began as a Formicid Fighter on Oct 10, 2023.
             Was a Believer of Okawaru.
             Quit the game on level 5 of the Dungeon on Nov 13, 2023.
             The game lasted 00:12:28 (4878 turns).

heikuro the Shield-Bearer (Formicid Fighter)        Turns: 4878, Time: 00:12:29

Health: 38/62      AC: 13    Str: 23    XL:     8   Next: 43%
Magic:  10/10      EV:  6    Int:  8    God:    Okawaru [**....]
Gold:   415        SH:  6    Dex: 19    Spells: 7/7 levels left

rFire   . . .        a - +0 war axe
rCold   + . .        c - +0 buckler
rNeg    . . .        j - +1 plate armour
rPois   .            (helmet unavailable)
rElec   .            (no cloak)
rCorr   .            (no gloves)
SInv    +            (no boots)
Will    .....        (no amulet) Stlth
                     k - +6 ring of dexterity
HPRegen 0.30/turn    F - ring of protection from cold
MPRegen 0.12/turn

%: no passive effects
@: no status effects
A: permanent stasis, dig shafts and tunnels, antennae 3, four strong arms
a: Dig, Shaft Self, Renounce Religion, Heroism


You were on level 5 of the Dungeon.
You worshipped Okawaru.
Okawaru was pleased with you.
You visited 1 branch of the dungeon, and saw 5 of its levels.
You also visited: Ossuary.

You collected 415 gold pieces.

Inventory:

Hand Weapons
 a - a +0 war axe (weapon)
Missiles
 e - 19 poisoned darts (quivered)
 o - a throwing net
Armour
 c - a +0 buckler (worn)
 j - a +1 plate armour (worn)
Jewellery
 k - a +6 ring of dexterity (left hand)
 v - an amulet of faith
 F - a ring of protection from cold (right hand)
Scrolls
 f - 3 scrolls of enchant armour
 h - a scroll of torment {unknown}
 i - a scroll of enchant weapon {unknown}
 l - a scroll of vulnerability {unknown}
 q - 2 scrolls of revelation
 t - 2 scrolls of identify {unknown}
 w - a scroll of immolation {unknown}
 x - a scroll of fog {unknown}
 y - 3 scrolls of poison
 D - a scroll of teleportation {unknown}
Potions
 b - 2 potions of lignification {unknown}
 d - 2 potions of might
 g - 4 potions of curing {unknown}
 m - a potion of resistance {unknown}
 n - 4 potions of heal wounds {unknown}
 p - 2 potions of ambrosia {unknown}
 r - a potion of haste {unknown}
 s - 2 potions of attraction {unknown}
 u - 3 potions of mutation {unknown}
 z - a potion of invisibility {unknown}
 A - a potion of degeneration {unknown}
 B - a potion of magic {unknown}
 C - a potion of brilliance {unknown}
 E - a potion of enlightenment {unknown}


   Skills:
 + Level 5.3 Fighting
 * Level 5.8 Axes
 + Level 5.3 Armour
 + Level 6.4 Shields
 + Level 3.5 Invocations


You had 7 spell levels left.
You didn't know any spells.
Your spell library was empty.

Dungeon Overview and Level Annotations

Branches:
Dungeon (5/15)            Ossuary (visited)
 Temple: D:4-7

Altars:
Elyvilon
Hepliaklqana
Nemelex Xobeh
Okawaru
Qazlal
Ru
Uskayaw
Vehumet
Wu Jian
Zin

Shops:
D:2 (!

Annotations:
D:4 1 transporter, relicbr's ghost, amateur KoFi


Innate Abilities, Weirdness & Mutations

You cannot be hasted, slowed, berserked, paralysed or teleported.
You can dig through walls and to a lower floor.
You have a pair of large antennae on your head. (SInv)
Your four strong arms can wield two-handed weapons with a shield.


Message History

You sense a monster nearby.
You sense a monster nearby.
An iguana comes into view.
The iguana hisses angrily.
An iguana comes into view.
Found 7 stones, a rapier and 17 gold pieces.
The iguana bites you!
You slash the iguana!
The iguana is heavily wounded.
The iguana barely misses you. The iguana attacks as it pursues you!
You block the iguana's attack.
You hit the iguana but do no damage.
The iguana is heavily wounded.
The iguana bites you. The iguana barely misses you.
You slash the iguana!
The iguana is almost dead.
The iguana bites you.
You slash the iguana!
You kill the iguana!
Okawaru accepts your kill.
You hit the iguana.
The iguana is lightly wounded.
The iguana bites you!
You slash the iguana!
The iguana is severely wounded.
You block the iguana's attack.
You hit the iguana.
The iguana is almost dead.
The iguana bites you but does no damage.
You barely miss the iguana.
The iguana is almost dead.
The iguana bites you! You block the iguana's attack.
You hit the iguana.
You kill the iguana!
Okawaru accepts your kill.
No target in view!
Welcome back, heikuro the Formicid Fighter.
Okawaru says: Bring me glory in combat!
Press ? for a list of commands and other information.
Are you sure you want to abandon this character and quit the game? (Confirm with "yes".)

# #...# # #...#{).$.# # #...#
.(..#{ #### #...# ..l.# ...#
#...# ....# ...# #...##...# ...#
#....#...#{ #### ##...#...# ###
########.@†...#
..######......#......#
#.##.........##...####
..##.###.###.###### #.##.#
#.###)# .... #.##.# #...#.#
...... { #### #.##.# ###.#.#
#..... #... ..##.# #...# #......
### #..#
#.##.#####...#####.....##.####...


There were no monsters in sight!

Vanquished Creatures
  Grinder (D:4)
  An ice beast (D:5)
  A howler monkey (D:4)
  A hound (D:4)
  5 jellies
  4 iguanas
  A sleepcap (D:5)
  An orc wizard (D:5)
  13 mummies
  5 adders
  3 dart slugs
  7 orcs
  5 ball pythons
  8 bats
  6 endoplasms
  3 giant cockroaches (D:1)
  7 hobgoblins
  6 jackals
  9 kobolds
  5 quokkas
  A frilled lizard (D:1)
  7 goblins
  3 goblin skeletons (Ossuary)
  2 kobold skeletons (Ossuary)
  3 orc skeletons (Ossuary)
  3 rats (D:2)
  11 rat skeletons (Ossuary)
122 creatures vanquished.

Notes
Turn   | Place    | Note
-------+----------+-------------------------------------------
     0 | D:1      | heikuro the Formicid Fighter began the quest for the Orb.
     0 | D:1      | Reached XP level 1. HP: 18/18 MP: 1/1
   178 | D:1      | Reached XP level 2. HP: 24/24 MP: 2/2
   360 | D:1      | Reached XP level 3. HP: 28/29 MP: 3/3
   859 | D:2      | Found Elaorukk's Distillery.
   975 | D:2      | Found Aned's Antique Weapon Emporium.
  1164 | D:2      | Found a hide-covered altar of Uskayaw.
  1354 | D:2      | Reached XP level 4. HP: 36/36 MP: 4/4
  2232 | D:3      | Found a stormy altar of Qazlal.
  2378 | D:4      | Reached XP level 5. HP: 40/42 MP: 5/5
  2414 | D:4      | Found an ornate altar of the Wu Jian Council.
  2415 | D:4      | Found a white marble altar of Elyvilon.
  2420 | D:4      | Found a sparkling altar of Nemelex Xobeh.
  2420 | D:4      | Found a glowing silver altar of Zin.
  2420 | D:4      | Found a radiant altar of Vehumet.
  2423 | D:4      | Found a hazy altar of Hepliaklqana.
  2424 | D:4      | Found a sacrificial altar of Ru.
  2425 | D:4      | Found an iron altar of Okawaru.
  2429 | D:4      | Became a worshipper of Warmaster Okawaru
  2522 | D:4      | Noticed Grinder
  2553 | D:4      | Killed Grinder
  2553 | D:4      | Reached * piety under Okawaru
  2554 | D:4      | Reached skill level 5 in Shields
  2554 | D:4      | Reached skill level 1 in Invocations
  2554 | D:4      | Reached XP level 6. HP: 33/49 MP: 5/7
  2598 | D:4      | Reached XP level 7. HP: 31/55 MP: 8/8
  2675 | D:4      | Found a transporter.
  2676 | D:4      | Noticed relicbr's ghost (amateur KoFi)
  2806 | D:4      | Found a sand-covered staircase.
  2821 | Ossuary  | Entered an ossuary
  3557 | D:4      | Reached skill level 5 in Axes
  3725 | D:5      | Entered Level 5 of the Dungeon
  3761 | D:5      | Reached skill level 5 in Armour
  3761 | D:5      | Reached skill level 6 in Shields
  3860 | D:5      | Reached ** piety under Okawaru
  4034 | D:5      | Reached skill level 5 in Fighting
  4034 | D:5      | Reached XP level 8. HP: 52/62 MP: 10/10
  4878 | D:5      | Upgraded the game from 0.31-a0-865-g3d5d91748a to
                  | 0.31-a0-986-g5e6e4ef867
  4878 | D:5      | Quit the game

Illustrated notes

Levels and vault maps discovered:
D:1:      dpeg_arrival_solitude, layout_loops_corners,
          hangedman_decor_clover_reticule, st_stairs_12
D:2:      layout_basic, serial_shops, nicolae_shop_just_a_little_nook, shop,
          basic_altar
D:3:      layout_rooms, marbit_many_paths, st_stairs_11, minmay_misc_feat_iff,
          grunt_decor_mini_mirrors
D:4:      layout_loops_ring, minitemple, gup_ossuary_entry_pyramid,
          gammafunk_ghost_smash, kennysheep_boxes, uniq_grinder
D:5:      kennysheep_spiral_hall, layout_loops_corners, trog_book

Skill      XL: |  1  2  3  4  5  6  7 |
---------------+----------------------+-----
Axes           | 3 4 5 |  5.8
Armour         | 4 5 |  5.3
Fighting       | 4 5 |  5.3
Shields        | 5 6 |  6.4
Invocations    | 1 2 3 |  3.5

Action                     |  1- 3 |  4- 6 |  7- 9 || total
---------------------------+-------+-------+-------++-------
  Melee: War axe           |    86 |    97 |   189 ||   372
 Invoke: Heroism           |       |       |     1 ||     1
Ability: Dig               |       |     1 |     1 ||     2
    Use: Scroll            |       |       |     4 ||     4
 Armour: Scale mail        |    24 |       |       ||    24
         Chain mail        |    35 |       |       ||    35
         Plate armour      |     5 |    61 |    87 ||   153
  Dodge: Dodged            |    37 |    25 |    41 ||   103
  Block: Buckler           |    17 |    34 |    38 ||    89

Table legend: (Time is in decaauts)
 A = Elapsed time spent in this place.
 B = Non-inter-level travel time spent in this place.
 C = Inter-level travel time spent in this place.
 D = Time resting spent in this place.
 E = Time spent auto-exploring this place.
 F = Levels seen in this place.
 G = Mean time per level.
                   A        B        C        D        E       F      G
               +--------+--------+--------+--------+--------+-----+--------+
         Total |   4995 |   4859 |    136 |    172 |   3300 |   6 |  832.5 |
       Dungeon |   4361 |   4225 |    136 |    140 |   2969 |   5 |  872.2 |
       Ossuary |    634 |    634 |      0 |     32 |    331 |   1 |  634.0 |
               +--------+--------+--------+--------+--------+-----+--------+

Top non-repeatable levels by time:
     D:5: 1167 daAuts
     D:1: 873 daAuts
     D:4: 819 daAuts
     D:2: 781 daAuts
     D:3: 719 daAuts
 Ossuary: 634 daAuts
